 Dungeon Crawl Stone Soup version 0.29-a0-275-g389c0b56f3 (webtiles) character file.

Game seed: 16009717657807784557

11 spiderkeys the Ducker (level 2, 0/16 HPs)
             Began as a Spriggan Abyssal Knight on Mar 12, 2022.
             Was a Believer of Lugonu.
             Slain by a kobold
             ... wielding a +0 short sword
              (3 damage)
             ... on level 1 of the Dungeon.
             The game lasted 00:00:59 (520 turns).

spiderkeys the Ducker (Spriggan Abyssal Knight)      Turns: 520, Time: 00:01:00

Health: 0/16       AC:  2    Str:  9    XL:     2   Next: 17%
Magic:  4/4        EV: 18    Int: 11    God:    Lugonu [**....]
Gold:   51         SH:  0    Dex: 15    Spells: 3/3 levels left

rFire   . . .      SeeInvis +   a - +1 short sword
rCold   . . .      Faith    .   (no shield)
rNeg    . . .      Spirit   .   b - +0 robe
rPois   .          Reflect  .   (helmet restricted)
rElec   .          Harm     .   (no cloak)
rCorr   .          Rampage  .   (gloves unavailable)
Will    .....                   (boots unavailable)
Stlth   ++........              (no amulet)
HPRegen 0.05/turn               (no ring)
MPRegen 0.09/turn               (no ring)

@: very quick
A: very small, no large weapons, unfitting armour, see invisible, speed 3
a: Renounce Religion, Depart the Abyss, Bend Space


You were on level 1 of the Dungeon.
You worshipped Lugonu.
Lugonu was pleased with you.
You visited 1 branch of the dungeon, and saw 2 of its levels.
You visited the Abyss 1 time.

You collected 51 gold pieces.


Innate Abilities, Weirdness & Mutations

You are very small and have problems with some larger weapons.
You are too small for most types of armour.
You have supernaturally acute eyesight. (SInv)
You cover ground extremely quickly. (Speed+++)


   Skills:
 - Level 2.4 Fighting
 + Level 2.4 Short Blades
 + Level 3.4 Dodging
 + Level 1.2 Stealth
 * Level 1.2 Spellcasting
 - Level 1.7 Invocations


You had 3 spell levels left.
You didn't know any spells.
Your spell library contained the following spells:

 Spells                   Type           Power      Damage    Failure   Level
 Dazzling Flash           Conj/Hex       0%         N/A       67%         3
 Agony                    Necr           0%         N/A       100%        5
 Silence                  Hex/Air        0%         N/A       100%        5

Inventory:

Hand Weapons
 a - a +1 short sword (weapon)
Missiles
 g - 14 stones
Armour
 b - a +0 robe (worn)
Magical Staves
 e - a staff of earth {!a}
   (You found it on level 2 of the Dungeon)
Scrolls
 c - a scroll of immolation {unknown}
 d - a scroll of fog {unknown}
Potions
 f - a potion of brilliance {unknown}

Dungeon Overview and Level Annotations

Branches:
Dungeon (2/15)

Altars:

####.##########.#.###.#.
#....)....##.........
#######......#.###.#.
#..............
#......†#######
........#)# #........#.#
#........#.#
###......#@# ######
#.g....#K# ...... . ....
..# ......#######. .###
....##.......# ..
...#.......... ##
..#...........
#............
#............
#..........#..


You could see a kobold.


Message History

Your Spellcasting skill increases to level 1!
You closely miss the quokka.
The endoplasm quivers.
The quokka bites you. 😮 HP[-4]
You take 4 damage, and now have 7/11 hp.
MASSIVE DAMAGE!! (PAUSE)
The quokka attacks as you move away! The quokka completely misses you.
There is a stone staircase leading up here.
You climb upwards.
There is a stone staircase leading down here.
You start resting. 😎 HP[+4]
Your hp is fully restored (11).
A goblin comes into view. It is wielding a +0 club.
A goblin is nearby!
You hit the goblin. The goblin misses you.
You hit the goblin.
You kill the goblin!
Lugonu accepts your kill.
Your Stealth skill increases to level 1!
You have reached level 2! 😎 HP[+5] MP[+1]
You now have 16 max hp (+5).
Your hp is fully restored (16).
Your mp is fully restored (4).
Things that are here:
a +0 club; a goblin corpse An endoplasm comes into view.
A quokka comes into view.
A ball python and a bat come into view.
The quokka barely misses you.
You barely miss the quokka. The quokka closely misses you.
You miss the quokka. The quokka completely misses you.
You closely miss the quokka. The quokka bites you. 😮 HP[-5]
You take 5 damage, and now have 11/16 hp.
MASSIVE DAMAGE!! (PAUSE)
A goblin comes into view. It is wielding a +0 dagger.
The goblin shouts!
The bat barely misses you. The bat hits you. 😮 HP[-1]
You take 1 damage, and now have 10/16 hp.
You hit the bat.
You kill the bat!
Lugonu accepts your kill.
The quokka twitches its whiskers.
The quokka misses you. 😮 HP[+1]
You hit the quokka but do no damage. The quokka completely misses you.
You closely miss the quokka. The quokka misses you.
You hit the quokka but do no damage. The quokka misses you.
You hit the quokka. The quokka completely misses you.
The goblin hits you with a +0 dagger.
* * * LOW HITPOINT WARNING * * *
😨 HP[-3]
You take 3 damage, and now have 8/16 hp.
You barely miss the quokka. The quokka misses you.
The goblin hits you with a +0 dagger.
* * * LOW HITPOINT WARNING * * *
The quokka misses you. 😨 HP[-1]
You take 1 damage, and now have 7/16 hp.
You hit the quokka. The quokka misses you.
The goblin hits you with a +0 dagger.
* * * LOW HITPOINT WARNING * * *
😱 HP[-3]
You take 3 damage, and now have 4/16 hp.
Unknown command.
The quokka barely misses you.
You closely miss the quokka. The quokka barely misses you.
You completely miss the quokka. The quokka misses you.
The quokka completely misses you.
You completely miss the quokka. The quokka misses you.
You hit the quokka.
You kill the quokka!
Lugonu accepts your kill.
You hit the goblin.
You kill the goblin!
Lugonu accepts your kill.
Things that are here:
a +0 dagger; a goblin corpse; a quokka corpse A kobold comes into view.
It is wielding a +0 short sword. 😨 HP[+1]
A kobold is nearby!
A kobold is nearby!
A kobold is nearby!
You are too injured to fight recklessly!
You are too injured to fight recklessly!
The kobold shouts!
You hit the kobold but do no damage. The kobold barely misses you.
You hit the kobold but do no damage. The kobold misses you.
You miss the kobold.
The kobold hits you with a +0 short sword.
* * * LOW HITPOINT WARNING * * *
😱 HP[-2]
You take 2 damage, and now have 3/16 hp.
You barely miss the kobold.
The kobold hits you with a +0 short sword.
You die...

Skill      XL: |  1 |
---------------+----+-----
Spellcasting   | 1 |  1.2
Stealth        | 1 |  1.2
Fighting       | |  2.4
Short Blades   | |  2.4
Dodging        | |  3.4
Invocations    | |  1.7

Action                   || total
-------------------------++-------
Melee: Short sword       ||    30
 Stab: Sleeping          ||     1
Dodge: Dodged            ||    26

Levels and vault maps discovered:
D:1:      dpeg_arrival_solitude, layout_basic, minmay_surrounded
D:2:      layout_basic, serial_rivers, chequers_serial_rivers_large_b,
          chequers_serial_rivers_micro_c, chequers_serial_rivers_room_a,
          chequers_serial_rivers_small_b,
          dreamdust_ecumenical_altar_drowned_temple

Notes
Turn   | Place    | Note
-------+----------+-------------------------------------------
     0 | Abyss:1  | spiderkeys the Spriggan Abyssal Knight began the quest for
                  | the Orb.
     0 | Abyss:1  | Reached XP level 1. HP: 11/11 MP: 3/3
     0 | Abyss:1  | magus.rc [v1.11.3]
    74 | D:1      | You pass through the gate.
    74 | D:1      | Escaped the Abyss
    82 | D:1      | You fall into a shaft and drop 1 floor!
   143 | D:2      | You pick up a book of the Senses and begin reading...
   143 | D:2      | You add the spells Dazzling Flash, Agony and Silence to
                  | your library.
   332 | D:2      | Reached skill level 1 in Spellcasting
   467 | D:1      | Reached skill level 1 in Stealth
   467 | D:1      | Reached XP level 2. HP: 16/16 MP: 4/4
   492 | D:1      | HP: 4/16 [goblin/+0 dagger (3)]
   519 | D:1      | HP: 3/16 [kobold/+0 short sword (2)]
   520 | D:1      | Slain by a kobold

Vanquished Creatures
  A ball python (D:2)
  2 bats
  An endoplasm (D:2)
  A giant cockroach (D:2)
  2 goblins (D:1)
  A kobold (D:2)
  A quokka (D:1)
9 creatures vanquished.

Table legend:
 A = Non-vault XP
 B = Vault XP
 C = Vault XP percentage of total XP
 D = Non-vault monster count
 E = Vault monster count
 F = Vault count percentage of total count
                 A         B        C        D         E       F
            +---------+---------+-------+---------+---------+-------
      Total |      15 |       2 |  11.8 |       8 |       1 |  11.1
            +---------+---------+-------+---------+---------+-------
        D:1 |       5 |       2 |  28.6 |       3 |       1 |  25.0
        D:2 |      10 |       0 |   0.0 |       5 |       0 |   0.0
            +---------+---------+-------+---------+---------+-------

Illustrated notes

Table legend:
 A = Kills in this place as a percentage of kills in entire the game.
 B = Kills by you in this place as a percentage of kills by you in the entire game.
 C = Kills by friends in this place as a percentage of kills by friends in the entire game.
 D = Other kills in this place as a percentage of other kills in the entire game.
 E = Experience gained in this place as a percentage of experience gained in the entire game.
 F = Experience gained in this place divided by the number of levels of this place that you have seen.
                   A       B       C       D       E      F
               +-------+-------+-------+-------+-------+----------------------
         Total | 100.0 | 100.0 |   N/A |   N/A | 100.0 |   5.7
       Dungeon | 100.0 | 100.0 |   N/A |   N/A | 100.0 |   8.5
               +-------+-------+-------+-------+-------+----------------------

Table legend: (Time is in decaauts)
 A = Elapsed time spent in this place.
 B = Non-inter-level travel time spent in this place.
 C = Inter-level travel time spent in this place.
 D = Time resting spent in this place.
 E = Time spent auto-exploring this place.
 F = Levels seen in this place.
 G = Mean time per level.
                   A        B        C        D        E       F      G
               +--------+--------+--------+--------+--------+-----+--------+
         Total |    383 |    383 |      0 |    106 |    189 |   3 |  127.7 |
       Dungeon |    338 |    338 |      0 |    106 |    149 |   2 |  169.0 |
         Abyss |     44 |     44 |      0 |      0 |     40 |   1 |   44.0 |
               +--------+--------+--------+--------+--------+-----+--------+

Top non-repeatable levels by time:
     D:2: 174 daAuts
     D:1: 164 daAuts
 Abyss:1: 44 daAuts
